Map: Alcyone LE

Players

GuMiho

  • Race: Terran Terran
  • Spawn Location: 1:00

llllllllllll (herO) - Winner!

  • Race: Protoss Protoss
  • League: Grandmaster
  • Spawn Location: 7:00

VOD

Have the link to the VOD?

Description

Time

  • Played on: Oct. 9, 2023, 10:22 p.m.
  • Length: 11:55
Show
View Real Time Build Order
Export as new Build Order

GuMiho Terran 

Build Orders: Cyclone Opening, Reaper Expand 

Get SALT Encoding   

  12  0:00  SCV  
  13  0:12  SCV  
  14  0:17  Supply Depot  
  14  0:24  SCV  
  15  0:38  SCV  
  15  0:40  Barracks  
  15  0:42  Refinery  
  16  0:50  SCV  
  17  1:02  SCV  
  18  1:15  SCV  
  19  1:27  Orbital Command, Reaper  
  20  1:38  Command Center  
  20  1:45  Supply Depot  
  20  1:52  SCV  
  21  1:59  Marine  
  22  2:01  Factory  
  22  2:05  SCV  
  23  2:10  Refinery  
  23  2:17  Marine  
  23  2:19  Bunker  
  23  2:20  SCV  
  25  2:33  SCV  
  25  2:34  Marine  
  27  2:45  Cyclone, Starport  
  27  2:46  SCV  
  30  2:52  Marine  
  30  2:58  Orbital Command  
  31  3:02  SCV  
  32  3:10  Marine  
  32  3:12  Supply Depot  
  33  3:17  Factory Tech Lab  
  33  3:22  Viking  
  33  3:26  SCV x2  
  37  3:36  Barracks Reactor  
  37  3:38  SCV x2  
  37  3:40  Siege Tank  
  42  3:47  Supply Depot  
  42  3:52  Orbital Command  
  40  3:55  Medivac  
  40  3:58  SCV  
  40  4:01  Engineering Bay  
  42  4:10  SCV  
  42  4:14  Marine x2  
  42  4:15  Orbital Command  
  45  4:18  Siege Tank  
  48  4:31  Missile Turret  
  48  4:32  Marine x2  
  48  4:34  Viking  
  53  4:40  Supply Depot  
  53  4:43  Orbital Command  
  52  4:47  Barracks  
  52  4:50  Marine  
  53  4:57  Marine  
  52  5:08  Marine  
  52  5:09  Viking  
  55  5:15  SCV, Marine  
  55  5:19  SCV  
  58  5:26  Marine  
  58  5:27  SCV  
  60  5:31  SCV  
  60  5:34  Siege Tank  
  62  5:39  SCV  
  60  5:42  Marine  
  60  5:43  SCV  
  60  5:44  Marine  
  62  5:51  Terran Infantry Weapons Level 1, SCV  
  62  5:52  Barracks Tech Lab, Refinery x2  
  62  5:55  SCV  
  64  5:57  Missile Turret  
  64  6:01  Marine  
  64  6:02  Marine  
  64  6:03  SCV  
  67  6:07  SCV  
  68  6:11  Supply Depot  
  68  6:13  Stimpack  
  68  6:15  SCV  
  69  6:18  Barracks  
  69  6:19  Supply Depot  
  69  6:21  Marine  
  69  6:22  Factory Reactor  
  70  6:31  SCV  
  70  6:33  Marine x2, SCV  
  70  6:39  Marine  
  72  6:43  SCV  
  72  6:45  SCV  
  72  6:46  Bunker  
  72  6:51  Marine x2  
  74  6:55  SCV  
  74  6:56  Marine  
  74  6:57  SCV  
  62  7:06  Marine  
  62  7:07  SCV  
  52  7:08  Bunker  
  52  7:09  SCV, Marine x2  
  52  7:13  Medivac, Widow Mine x2  
  52  7:14  Marine  
  62  7:16  Missile Turret  
  62  7:19  Bunker, SCV  
  62  7:21  SCV  
  62  7:24  Marine  
  62  7:26  Marine  
  62  7:27  Marine  
  62  7:28  Combat Shield  
  65  7:31  SCV  
  65  7:32  Marine  
  65  7:33  SCV  
  68  7:37  Widow Mine x2  
  68  7:42  Marine  
  68  7:43  SCV  
  74  7:45  Medivac  
  74  7:46  SCV  
  75  7:55  SCV  
  75  7:56  Concussive Shells  
  75  7:58  Marauder, SCV  
  79  8:00  Supply Depot  
  79  8:02  Terran Infantry Armor Level 1  
  79  8:09  SCV  
  79  8:10  SCV  
  79  8:11  Marauder, Marine x2  
  85  8:15  Medivac  
  85  8:16  Armory  
  86  8:22  Widow Mine x2  
  90  8:27  Supply Depot x2  
  90  8:36  Command Center  
  90  8:39  Marauder  
  92  8:42  Marauder  
  92  8:46  Starport Reactor  
  94  8:55  Barracks  
  94  8:56  Barracks  
  94  8:58  SCV x2  
  94  9:01  Marauder  
  98  9:07  Marauder  
  98  9:09  Marine x2  
  102  9:18  SCV x2  
  102  9:22  Missile Turret, Marauder  
  94  9:26  Medivac x2  
  94  9:31  Marauder  
  100  9:32  SCV  
  100  9:38  SCV  
  100  9:42  Barracks Reactor, Barracks Tech Lab  
  100  9:44  SCV  
  99  9:49  Widow Mine x2  
  99  9:50  SCV  
  102  9:56  SCV  
  102  9:57  Ghost Academy  
  101  10:02  SCV  
  102  10:08  SCV  
  102  10:11  Widow Mine  
  90  10:14  SCV  
  90  10:16  Marauder x2, Marine  
  90  10:19  Marine  
  93  10:24  Widow Mine  
  95  10:31  Marauder, Marine x2  
  95  10:32  Widow Mine  
  99  10:37  Marine x2  
  99  10:38  Marauder  
  86  10:53  Marauder, Marine x2  
  86  10:54  Marine  
  86  10:55  Marine x2  
  77  10:58  Marine  
  61  11:09  Widow Mine  
  61  11:10  SCV  
  61  11:11  Marine x2  
  58  11:12  Marine  
  52  11:21  Marine x2  
  44  11:26  Marine  
Show
View Real Time Build Order
Export as new Build Order

llllllllllll Protoss - Winner!

Build Orders:  

Get SALT Encoding   

  12  0:00  Probe  
  13  0:13  Pylon  
  13  0:16  Probe  
  14  0:28  Probe  
  14  0:32  Gateway  
  15  0:39  Assimilator  
  15  0:41  Probe (Chrono Boost)  
  17  0:50  Probe (Chrono Boost)  
  17  0:51  Assimilator  
  17  0:55  Probe (Chrono Boost)  
  18  1:07  Probe  
  19  1:19  Cybernetics Core  
  19  1:20  Zealot  
  19  1:22  Pylon  
  19  1:25  Probe  
  22  1:37  Probe  
  23  1:49  Probe  
  23  1:53  Adept (Chrono Boost)  
  24  1:57  Stargate  
  26  2:01  Probe  
  26  2:02  Warp Gate  
  26  2:08  Pylon  
  27  2:16  Adept  
  27  2:22  Pylon  
  28  2:43  Void Ray (Chrono Boost)  
  32  2:45  Probe  
  37  3:16  Void Ray (Chrono Boost)  
  37  3:22  Nexus  
  37  3:26  Probe  
  38  3:38  Probe  
  43  3:50  Probe  
  43  3:52  Void Ray (Chrono Boost)  
  44  4:00  Stalker  
  44  4:02  Pylon  
  46  4:13  Twilight Council, Probe  
  47  4:27  Phoenix (Chrono Boost)  
  47  4:29  Stalker  
  51  4:34  Probe  
  51  4:35  Probe  
  53  4:46  Probe  
  53  4:47  Probe  
  53  4:51  Charge (Chrono Boost)  
  55  5:00  Probe x2  
  57  5:13  Probe  
  57  5:14  Probe  
  55  5:18  Gateway  
  55  5:20  Sentry, Gateway  
  57  5:22  Gateway  
  57  5:27  Gateway, Probe  
  57  5:28  Probe  
  59  5:40  Probe  
  61  5:49  Pylon  
  61  5:50  Pylon  
  61  5:51  Sentry  
  61  5:53  Pylon  
  62  5:57  Pylon  
  62  6:03  Robotics Facility  
  62  6:04  Shield Battery  
  62  6:08  Probe x2  
  62  6:10  Shield Battery  
  64  6:13  Zealot x2  
  64  6:14  Zealot  
  64  6:18  Zealot  
  72  6:21  Zealot  
  74  6:26  Gateway  
  74  6:44  Zealot x5  
  84  6:48  Probe  
  84  7:00  Probe  
  84  7:01  Probe  
  78  7:02  Assimilator  
  78  7:03  Assimilator  
  76  7:08  Stalker  
  76  7:09  Zealot x4  
  86  7:19  Templar Archives  
  86  7:21  Pylon  
  86  7:28  Pylon  
  86  7:39  Warp Prism (Chrono Boost), Probe x2  
  80  7:51  Probe  
  80  7:52  Psionic Storm  
  80  7:56  High Templar x3  
  80  7:57  Zealot x3  
  90  8:04  Nexus  
  89  8:10  Probe x2  
  91  8:19  Forge  
  91  8:22  Shield Battery  
  91  8:25  Probe x2  
  93  8:32  High Templar, Zealot  
  93  8:33  Zealot  
  99  8:37  Probe  
  99  8:38  Probe  
  99  8:40  Blink (Chrono Boost)  
  101  8:42  Shield Battery  
  101  8:49  Probe  
  102  8:55  Pylon  
  102  9:01  Probe  
  101  9:04  Protoss Ground Weapons Level 1  
  101  9:08  Probe  
  101  9:09  Observer  
  96  9:20  Stalker x3  
  96  9:22  Probe x2  
  101  9:24  Probe  
  101  9:31  Observer (Chrono Boost)  
  101  9:34  Probe  
  94  9:38  Zealot  
  94  9:39  Zealot  
  99  9:46  High Templar, Assimilator x2, Zealot  
  99  9:51  Warp Prism (Chrono Boost)  
  98  9:57  Zealot  
  98  9:59  Zealot  
  103  10:01  Probe x2  
  91  10:16  Zealot x2  
  91  10:20  High Templar x2, Zealot  
  97  10:23  Gateway  
  89  10:46  Observer, Zealot x3  
  75  10:51  Archon  
  75  10:54  Zealot x2  
  65  11:00  Archon  
  55  11:06  Observer  
  55  11:10  Zealot  
  55  11:11  Zealot x3  
  62  11:15  Zealot  
  54  11:33  Zealot x4  
Tags
 
Add a new tag
Caveats
  • Supply blocks, unpowered buildings, or Contaminate may cause inaccurate times.
  • Supply counts are checked every 10 seconds.